 Dungeon Crawl Stone Soup version 0.21-a0-227-g58a7c62 (webtiles) character file.

165 Monsterracer the Changer (level 5, -1/37 HPs)
             Began as a Merfolk Transmuter on Aug 30, 2017.
             Slain by a gnoll
             ... wielding a +0 halberd
              (2 damage)
             ... on level 4 of the Dungeon.
             The game lasted 00:08:33 (4292 turns).

Monsterracer the Changer (Merfolk Transmuter)       Turns: 4292, Time: 00:08:34

Health: -1/37      AC:  3    Str: 11    XL:     5   Next: 46%
Magic:  8/8        EV: 13    Int: 13    God:
Gold:   111        SH:  0    Dex: 14    Spells: 1/8 levels left

rFire    + . .     SeeInvis .     - Unarmed
rCold    . . .     Gourm    .   (no shield)
rNeg     . . .     Faith    .   b - +1 robe
rPois    .         Spirit   .   (no helmet)
rElec    .         Reflect  .   (no cloak)
rCorr    .         Harm     .   (no gloves)
MR       .....     Rnd*Tele +   (no boots)
Stlth    +.........             (no amulet)
HPRegen  0.12/turn              q - ring of teleportation (curse)
MPRegen  0.11/turn              f - ring of protection from fire

@: no status effects
A: change form in water, swift swim, stealthy swim
a: no special abilities


You were on level 4 of the Dungeon.
You were not hungry.

You visited 1 branch of the dungeon, and saw 4 of its levels.

You collected 111 gold pieces.

Inventory:

Missiles
 a - 8 arrows
Armour
 b - a +1 robe (worn)
Jewellery
 f - a ring of protection from fire (right hand)
 q - a cursed ring of teleportation (left hand)
Scrolls
 o - a scroll of recharging
Potions
 e - a potion of brilliance
 g - 2 potions of lignification
 j - a potion of heal wounds
 k - a potion of degeneration {unknown}
 l - 2 potions of might
 m - a potion of flight
 n - a potion of magic {unknown}
Books
 c - a book of Changes

   Spells                             Type                      Level
   a - Beastly Appendage              Transmutation                1
   b - Sticks to Snakes               Transmutation                2
   c - Spider Form                    Transmutation/Poison         3
   d - Ice Form                       Ice/Transmutation            4
   e - Blade Hands                    Transmutation                5
Comestibles
 d - 2 bread rations
 h - 2 royal jellies
 i - 2 meat rations


   Skills:
 - Level 1.1 Fighting
 - Level 2.6 Dodging
 + Level 5.2 Unarmed Combat
 - Level 2.0 Spellcasting
 + Level 5.3 Transmutations


You had one spell level left.
You knew the following spells:

 Your Spells              Type           Power        Failure   Level  Hunger
b - Sticks to Snakes      Tmut           ###.....     4%          2    ###....
d - Blade Hands           Tmut           ###.......   61%         5    ######.


Dungeon Overview and Level Annotations

Branches:
Dungeon (4/15)
 Temple: D:4-7

Altars:

Annotations:
D:4 p0werm0de's ghost, amateur DsFi


Message History

Damage: -2%(-1hp) hp: 36%(13hp) Unknown command.
The worm bites you but does no damage. The quokka bites you.
* * * LOW HITPOINT WARNING * * *
Damage: -6%(-2hp) hp: 30%(11hp) Unknown command.
The quokka completely misses you. The worm bites you!
* * * LOW HITPOINT WARNING * * *
Huge Dmg: -27%(-10hp) hp: 3%(1hp)
Your surroundings suddenly seem different.
A gnoll comes into view. It is wielding a club.
The gnoll shouts!
A gnoll comes into view.
The gnoll shouts!
The ooze quivers.
A gnoll comes into view. It is wielding a halberd.
The gnoll shouts!
The gnoll completely misses you. The gnoll barely misses you.
The gnoll hits you with a halberd.
You die...

............#
........?...#
............#
............#
............#
.......J....#
......g.g...#
.......@....#
.......gg...#
...........>...
...........####
...........#
...........#
############


You could see 4 gnolls and an ooze.

Vanquished Creatures
  An orc priest (D:4)
  4 adders
  2 oozes (D:2)
  A worm (D:3)
  2 leopard geckos
  9 orcs
  2 ball pythons
  3 giant cockroaches
  9 goblins
  7 hobgoblins
  4 jackals
  3 kobolds
  2 quokkas
  9 bats
  3 frilled lizards
  11 rats
72 creatures vanquished.

Vanquished Creatures (collateral kills)
  An adder (D:2)
  A hobgoblin (D:2)
  A kobold (D:2)
3 creatures vanquished.

Grand Total: 75 creatures vanquished

Notes
Turn   | Place    | Note
-------+----------+-------------------------------------------
     0 | D:1      | Monsterracer the Merfolk Transmuter began the quest for the Orb.
     0 | D:1      | Reached XP level 1. HP: 15/15 MP: 3/3
   428 | D:1      | Reached XP level 2. HP: 21/21 MP: 5/5
   739 | D:1      | Learned a level 2 spell: Sticks to Snakes
   965 | D:2      | HP: 10/21 [hobgoblin (2)]
   966 | D:2      | Reached XP level 3. HP: 7/26 MP: 3/6
   973 | D:2      | HP: 5/26 [poisoned by an adder]
   981 | D:2      | HP: 4/26 [poisoned by an adder]
  1807 | D:2      | Reached XP level 4. HP: 18/32 MP: 5/7
  2103 | D:3      | HP: 13/32 [orc/short sword (6)]
  2176 | D:3      | HP: 16/32 [jackal (1)]
  2182 | D:2      | HP: 16/32 [jackal (1)]
  2189 | D:2      | HP: 12/32 [jackal (2)]
  3278 | D:3      | Reached skill level 5 in Unarmed Combat
  3370 | D:3      | Reached XP level 5. HP: 25/37 MP: 8/8
  3456 | D:3      | Learned a level 5 spell: Blade Hands
  3876 | D:4      | Reached skill level 5 in Transmutations
  3921 | D:4      | HP: 13/37 [orc/war axe (11)]
  3928 | D:4      | HP: 6/37 [orc priest/mace (8)]
  4237 | D:4      | Noticed p0werm0de's ghost (amateur DsFi)
  4288 | D:4      | HP: 14/37 [worm (9)]
  4291 | D:4      | HP: 1/37 [worm (10)]
  4292 | D:4      | Slain by a gnoll

Vault maps used:
D:1:      eino_arrival_cavern_a
D:4:      nicolae_overflow_hidden_temple

Skill      XL: |  1  2  3  4  5 |
---------------+----------------+-----
Transmutations | 3 4 5 |  5.3
Unarmed Combat | 4 5 |  5.2
Fighting       | |  1.1
Dodging        | |  2.6
Spellcasting   | |  2.0

Action                   |  1- 3 |  4- 6 || total
-------------------------+-------+-------++-------
Melee: Unarmed           |    84 |   176 ||   260
       Headbutt          |     5 |       ||     5
       Punch             |       |     3 ||     3
 Cast: Beastly Appendage |     7 |     2 ||     9
       Sticks to Snakes  |     2 |     2 ||     4
  Use: Scroll            |       |    16 ||    16
       Potion            |       |     1 ||     1
 Stab: Sleeping          |     6 |     1 ||     7
       Distracted        |       |     1 ||     1
  Eat: Chunk             |     3 |     8 ||    11
Armor: Robe              |    21 |    48 ||    69
       Skin              |       |     6 ||     6
Dodge: Dodged            |    60 |   147 ||   207

Table legend:
 A = Spawn XP
 B = Non-spawn XP
 C = Spawn XP percentage of total XP
 D = Spawn monster count
 E = Non-spawn monster count
 F = Spawn count percentage of total count
 G = Total turns spent on level
                    A         B        C        D         E        F      G
               +---------+---------+-------+---------+---------+-------+---------
         Total |      25 |     211 |  10.6 |      11 |      64 |  14.7 |  4292
               +---------+---------+-------+---------+---------+-------+---------
           D:1 |       3 |      23 |  11.5 |       2 |      16 |  11.1 |   845
           D:2 |      15 |      72 |  17.2 |       5 |      24 |  17.2 |  1811
           D:3 |       7 |      58 |  10.8 |       4 |      17 |  19.0 |  1179
           D:4 |       0 |      58 |   0.0 |       0 |       7 |   0.0 |   457
               +---------+---------+-------+---------+---------+-------+---------
